 Dungeon Crawl Stone Soup version 0.30-a0-42-g806c11bf1d (webtiles) character file.

Game seed: 16916140345306866294

46 Nattfarinn the Grave Robber (level 3, 0/35 HPs)
             Began as an Ogre Necromancer on Aug 30, 2022.
             Slain by an orc
             ... wielding a +0 flail
              (5 damage)
             ... on level 2 of the Dungeon.
             The game lasted 00:02:56 (2971 turns).

Nattfarinn the Grave Robber (Ogre Necromancer)      Turns: 2971, Time: 00:02:57

Health: 0/35       AC:  3    Str: 12    XL:     3   Next: 66%
Magic:  15/16      EV:  9    Int: 18    God:
Gold:   80         SH:  0    Dex:  9    Spells: 7/8 levels left

rFire   . . .      SeeInvis .    g - +0 spear (flame)
rCold   . . .      Faith    .    (no shield)
rNeg    + . .      Spirit   .    a - +0 robe
rPois   .          Reflect  .    (helmet restricted)
rElec   .          Harm     .    (no cloak)
rCorr   .          Rampage  .    (gloves unavailable)
Will    .....                    (boots unavailable)
Stlth   +.........               (no amulet)
HPRegen 0.11/turn                f - ring of magical power
MPRegen 0.15/turn                m - ring of positive energy

@: very slightly contaminated
A: large, unfitting armour, tough skin 1
a: no special abilities


You were on level 2 of the Dungeon.
You visited 1 branch of the dungeon, and saw 3 of its levels.

You collected 80 gold pieces.

Inventory:

Hand Weapons
 c - a +0 mace
 g - a +0 spear of flaming (weapon)
 i - a +0 dagger of electrocution
Armour
 a - a +0 robe (worn)
Jewellery
 f - a ring of magical power (left hand)
 m - a ring of positive energy (right hand)
Scrolls
 h - a scroll of teleportation {unknown}
 j - 3 scrolls of identify {unknown}
 k - a scroll of immolation {unknown}
 l - a scroll of blinking {unknown}
 o - a scroll of enchant weapon {unknown}
 p - a scroll of vulnerability {unknown}
Potions
 b - a potion of magic
 d - 2 potions of haste {unknown}
 e - a potion of berserk rage {unknown}
 n - a potion of brilliance {unknown}


   Skills:
 + Level 1.8 Fighting
 - Level 1.7 Dodging
 - Level 1.4 Stealth
 + Level 3.0 Spellcasting
 * Level 4.2 Necromancy


You had 7 spell levels left.
You knew the following spells:

 Your Spells              Type           Power      Damage    Failure   Level
a - Necrotise             Necr           72%        1d7       2%          1

Your spell library contained the following spells:

 Spells                   Type           Power      Damage    Failure   Level
 Vampiric Draining        Necr           18%        2d7       9%          3
 Animate Dead             Necr           18%        N/A       28%         4
 Dazzling Flash           Conj/Hex       4%         N/A       43%         3
 Agony                    Necr           18%        N/A       61%         5
 Iskenderun's Mystic Bla  Conj/Tloc      2%         2d3       85%         4
 Starburst                Conj/Fire      1%         6d3       100%        6


Dungeon Overview and Level Annotations

Branches:
Dungeon (3/15)

Altars:
Yredelemnul


Innate Abilities, Weirdness & Mutations

You are too large for most types of armour.
You have tough skin. (AC +1)


Message History

* * * LOW HITPOINT WARNING * * *
The orc hits your bat skeleton with a +0 hand axe.
Casting: Necrotise (safe; 2% risk of failure)
Confirm with . or Enter, or press ? or * to list all spells.
Aiming: Necrotise (safe; 2% risk of failure)
Press: ? - help, Shift-Dir - straight line, f/p - orc
Aim: an orc, wielding a +0 hand axe (almost dead, ally target, chance to affect: 88%)
The orc writhes in agony.
You kill the orc!
The dead are walking!
You start resting.
Magic restored.
Your bat skeleton crumbles into dust!
You start resting.
Your orc skeleton crumbles into dust!
HP restored.
You see here a +0 hand axe.
Things that are here:
a +0 leather armour; a +0 club
Things that are here:
a +0 leather armour; a +0 club
There is a stone staircase leading down here.
You climb downwards.
The goblin shoots a sling bullet.
The sling bullet hits you. The orc barely misses you.
The orc hits you with a +0 flail!
There is a stone staircase leading up, spattered with blood here.
The orc barely misses you. The orc hits you with a +0 flail!
You climb upwards.
There is a stone staircase leading down here.
Casting: Necrotise (safe; 2% risk of failure)
Confirm with . or Enter, or press ? or * to list all spells.
Aiming: Necrotise (safe; 2% risk of failure)
Press: ? - help, Shift-Dir - straight line, f - orc
Aim: an orc, wielding a +0 flail and wearing a +0 leather armour (chance to affect: 88%)
You miscast Necrotise.
You are very lightly contaminated with residual magic.
Nothing appears to happen.
The orc hits you with a +0 flail!
* * * LOW HITPOINT WARNING * * *
The orc hits you with a +0 flail.
You die...

.###........#.##.# ##.###..# #
.........##.#.##.# ##.###..# #
.###.#...##.#.##.# #...##..# ##
.# #.#...##.#.##.####..##..#####.
.# #.#...##.#.##.#..............#
.###.#...##.#.##.#.###.##..####..
.........##.#.##.#.# #.##........
####.#..###.#.##o#.# #.##..####.#
....(.........##@#.###.##..####..
###...(.#.#...>.o..).............
.......###........####.###.######
........#.#..####..........#
########.##........###.#####
.......................#
########################


You could see 2 orcs.

Vanquished Creatures
  A worm (D:2)
  A dart slug (D:2)
  2 orcs (D:2)
  5 bats
  2 endoplasms
  A giant cockroach (D:1)
  4 goblins
  4 hobgoblins (D:2)
  2 kobolds
  4 quokkas
  3 ball pythons (D:2)
  A frilled lizard (D:2)
  2 rats
32 creatures vanquished.

Vanquished Creatures (collateral kills)
  2 ball pythons
2 creatures vanquished.

Grand Total: 34 creatures vanquished

Notes
Turn   | Place    | Note
-------+----------+-------------------------------------------
     0 | D:1      | Nattfarinn the Ogre Necromancer began the quest for the
                  | Orb.
     0 | D:1      | Reached XP level 1. HP: 16/16 MP: 3/3
   668 | D:1      | Reached XP level 2. HP: 25/26 MP: 5/5
   694 | D:1      | Reached skill level 1 in Fighting
  1361 | D:1      | Found a faded altar of an unknown god.
  1645 | D:2      | Reached skill level 4 in Necromancy
  1718 | D:2      | Found a basalt altar of Yredelemnul.
  1766 | D:2      | Reached XP level 3. HP: 33/33 MP: 7/7
  2971 | D:2      | Slain by an orc

Illustrated notes

Levels and vault maps discovered:
D:1:      minmay_arrival_widening_spiral_wide, layout_loops_corners,
          serial_forest, infiniplex_forest_lined_3_way,
          infiniplex_forest_zigzag_1, infiniplex_forest_clump_small,
          infiniplex_forest_zigzag_2, infiniplex_forest_clump_small,
          infiniplex_forest_lined_2, infiniplex_forest_end_1,
          shapermc_ecumenical_altar_mp_vishouse, chequers_serial_rivers_micro_d,
          dk_noncrumbling_4, st_stairs_1, grunt_decor_cap
D:2:      layout_loops_ring, basic_altar
D:3:      layout_rooms

Skill      XL: |  1  2  3 |
---------------+----------+-----
Fighting       | 1 |  1.8
Necromancy     | 4 |  4.2
Spellcasting   | 3 |  3.0
Dodging        | |  1.7
Stealth        | |  1.4

Action                   || total
-------------------------++-------
Melee: Mace              ||     6
 Cast: Necrotise         ||    79
Armor: Robe              ||    25
Dodge: Dodged            ||    45

Table legend: (Time is in decaauts)
 A = Elapsed time spent in this place.
 B = Non-inter-level travel time spent in this place.
 C = Inter-level travel time spent in this place.
 D = Time resting spent in this place.
 E = Time spent auto-exploring this place.
 F = Levels seen in this place.
 G = Mean time per level.
                   A        B        C        D        E       F      G
               +--------+--------+--------+--------+--------+-----+--------+
         Total |   2974 |   2916 |     58 |    649 |   2046 |   3 |  991.3 |
       Dungeon |   2974 |   2916 |     58 |    649 |   2046 |   3 |  991.3 |
               +--------+--------+--------+--------+--------+-----+--------+

Top non-repeatable levels by time:
     D:2: 1484 daAuts
     D:1: 1466 daAuts
     D:3: 23 daAuts
